 Dungeon Crawl Stone Soup version 0.26-a0-712-ga5a9c9c9d0 (webtiles) character file.

Game seed: 10475688724638968220

53 kae the Insei (level 3, -1/21 HPs)
             Began as a Tengu Transmuter on Nov 12, 2020.
             Slain by a hobgoblin (5 damage)
             ... led by Robin
             ... on level 1 of the Dungeon.
             The game lasted 00:00:53 (1590 turns).

kae the Insei (Tengu Transmuter)                    Turns: 1590, Time: 00:00:54

Health: -1/21      AC:  2    Str: 11    XL:     3   Next: 89%
Magic:  7/7        EV: 12    Int: 13    God:
Gold:   64         SH:  0    Dex: 14    Spells: 2/6 levels left

rFire    . . .     SeeInvis .     - Unarmed
rCold    . . .     Faith    .   (no shield)
rNeg     . . .     Spirit   .   a - +0 robe
rPois    .         Reflect  .   (helmet restricted)
rElec    .         Harm     .   (no cloak)
rCorr    .         Rampage  .   (no gloves)
MR       .....                  (boots unavailable)
Stlth    +.........             (no amulet)
HPRegen  0.07/turn              (no ring)
MPRegen  0.10/turn              (no ring)

@: no status effects
A: beak, talons 3
a: no special abilities


You were on level 1 of the Dungeon.
You visited 1 branch of the dungeon, and saw 2 of its levels.

You collected 64 gold pieces.

Inventory:

Armour
 a - a +0 robe (worn)
Scrolls
 b - a scroll of immolation {unknown}
 d - a scroll of remove curse {unknown}
 e - a scroll of identify {unknown}
Potions
 c - a potion of curing {unknown}


   Skills:
 + Level 1.8 Fighting
 - Level 2.1 Dodging
 + Level 3.8 Unarmed Combat
 - Level 2.0 Spellcasting
 * Level 2.6 Transmutations


You had 2 spell levels left.
You knew the following spells:

 Your Spells              Type           Power        Failure   Level
a - Beastly Appendage     Tmut           #.....       9%          1
b - Spider Form           Tmut/Pois      #.........   41%         3

Your spell library contained the following spells:

 Spells                   Type           Power        Failure   Level
 Wereblood                Tmut           #.......     13%         2
 Ice Form                 Ice/Tmut       #.......     83%         4
 Blade Hands              Tmut           #.........   94%         5


Dungeon Overview and Level Annotations

Branches:
Dungeon (2/15)

Altars:
Yredelemnul

Annotations:
D:2 Robin


Innate Abilities, Weirdness & Mutations

You have a beak for a mouth.
You have claws for feet.


Message History

The hobgoblin misses you.
The hobgoblin hits you but does no damage.
The goblin closely misses you.
You hit the hobgoblin.
You kill the hobgoblin!
The hobgoblin barely misses you. The goblin hits you.
* * * LOW HITPOINT WARNING * * *
The hobgoblin throws a stone.
The stone hits you but does no damage.
Things that are here:
a stone; a +0 club You closely miss the goblin.
You claw the goblin. Your peck misses the goblin.
The goblin is heavily wounded.
The hobgoblin throws a stone.
The stone hits you.
* * * LOW HITPOINT WARNING * * *
The goblin barely misses you.
The hobgoblin throws a stone.
The stone misses you.
Things that are here:
a stone; a +0 club The hobgoblin hits you.
You die...

#.........## #.######...## #.#
###.....################## #.#
#......................... #.#
#.#............)######.... #.#
#.##...#...#.#..######.#.# #.#
#.###..##.##...........#.# #.#
#.# #....g................
#.###.###...#@##.#...........#
#...........#g##.#...#######.#
#####.####.......#...# #....
########.#
##.#.####...#####.###
#.....##.# #....###.........#
# #.###.##.#
#.....)#.#.#####.### #.#
#....# #..(.......# #....
#.###.#### #>.....###### #####
#.....# ##...#.# #..##


You could see a hobgoblin and a goblin.

Vanquished Creatures
  2 dart slugs (D:1)
  4 leopard geckos (D:1)
  9 goblins
  5 hobgoblins
  6 jackals (D:1)
  4 bats
  A frilled lizard (D:2)
  5 kobolds (D:1)
  5 rats (D:1)
41 creatures vanquished.

Notes
Turn   | Place    | Note
-------+----------+-------------------------------------------
     0 | D:1      | kae the Tengu Transmuter began the quest for the Orb.
     0 | D:1      | Reached XP level 1. HP: 12/12 MP: 4/4
   137 | D:1      | Reached XP level 2. HP: 16/16 MP: 6/6
   599 | D:1      | Reached XP level 3. HP: 9/20 MP: 5/7
   604 | D:1      | Learned a level 3 spell: Spider Form
  1349 | D:2      | Found a basalt altar of Yredelemnul.
  1380 | D:2      | Noticed Robin
  1590 | D:1      | Slain by a hobgoblin

Illustrated notes

Levels and vault maps discovered:
D:1:      erik_arrival_orb_chamber, layout_loops_ring, minmay_tripent
D:2:      layout_loops_ring, yredelemnul_altar_generic, marbit_many_paths,
          chequers_ecumenical_altar_grove, serial_undead, serial_undead_a,
          serial_undead_d, serial_undead_b, serial_undead_a,
          uniq_crazy_yiuf_cottage, uniq_robin

Skill      XL: |  1  2 |
---------------+-------+-----
Transmutations | 2 |  2.6
Fighting       | |  1.8
Dodging        | |  2.1
Unarmed Combat | |  3.8
Spellcasting   | |  2.0

Action                   || total
-------------------------++-------
Melee: Unarmed           ||   104
       Kick              ||    17
       Peck              ||     9
       Headbutt          ||     3
       Punch             ||     2
 Cast: Beastly Appendage ||    14
 Stab: Sleeping          ||     1
Armor: Robe              ||    23
Dodge: Dodged            ||    88

Table legend: (Time is in decaauts)
 A = Elapsed time spent in this place.
 B = Non-inter-level travel time spent in this place.
 C = Inter-level travel time spent in this place.
 D = Time resting spent in this place.
 E = Time spent auto-exploring this place.
 F = Levels seen in this place.
 G = Mean time per level.
                   A        B        C        D        E       F      G
               +--------+--------+--------+--------+--------+-----+--------+
         Total |   1583 |   1564 |     19 |    163 |   1145 |   2 |  791.5 |
       Dungeon |   1583 |   1564 |     19 |    163 |   1145 |   2 |  791.5 |
               +--------+--------+--------+--------+--------+-----+--------+

Top non-repeatable levels by time:
     D:1: 1518 daAuts
     D:2: 64 daAuts
